 Dungeon Crawl Stone Soup version 0.31-a0-1626-g5cb510d322 (webtiles) character file.

Game seed: 18169720196819253637

3300 croobank the Covert (level 9, -2/46 (49) HPs)
             Began as a Felid Delver on Jan 13, 2024.
             Was an Initiate of Gozag.
             Killed from afar by Josephine (34 damage)
             ... with a ghostly fireball
             ... on level 9 of the Dungeon.
             The game lasted 00:36:51 (10567 turns).

croobank the Covert (Felid Delver)                 Turns: 10567, Time: 00:36:52

HP:   -2/46 (49)    AC:  2    Str:  8    XL:     9   Next: 70%
MP:   2/16          EV: 22    Int: 18    God:    Gozag
Gold: 992           SH:  0    Dex: 18    Spells: 10/17 levels left
                                        Lives: 0   Deaths: 3

rFire   . .          .
                       - Unarmed
rCold   + . .        (shield unavailable)
rNeg    . . .        (body armour unavailable)
rPois   .            (helmet unavailable)
rElec   .            (cloak unavailable)
rCorr   .            (gloves unavailable)
SInv    +            (boots unavailable)
Will    +....        (no amulet)
Stlth   +++++        (no ring)
HPRegen 0.00/turn    (no ring)
MPRegen 0.15/turn

%: no passive effects
@: lethally poisoned (-2 -> -3), very slightly contaminated, inhibited regen,
drained
A: very small, claws 1, fangs 3, see invisible, shaggy fur 2, stealthy paws, no
weapons or thrown items, no armour, multi-lived, cold resistance 1, inhibited
regeneration, wild magic 1
a: Renounce Religion, Potion Petition, Call Merchant, Bribe Branch


You were on level 9 of the Dungeon.
You worshipped Gozag.
Gozag was pleased with you.
You visited 2 branches of the dungeon, and saw 11 of its levels.

You collected 1155 gold pieces.
You paid 163 gold pieces to Gozag.

Inventory:

Wands
 e - a wand of digging (1)
Scrolls
 b - 3 scrolls of revelation
 c - 4 scrolls of immolation
 d - 2 scrolls of identify
 f - 3 scrolls of noise
 h - 2 scrolls of poison
 i - 3 scrolls of vulnerability
 j - a scroll of silence
Potions
 g - 5 potions of curing
 m - 2 potions of heal wounds
 o - 2 potions of enlightenment


   Skills:
 - Level 6.8 Fighting
 - Level 8.3 Dodging
 - Level 10.0 Stealth
 - Level 6.4 Unarmed Combat
 * Level 4.6 Spellcasting
 + Level 5.4 Hexes
 + Level 1.5 Summonings
 + Level 1.3 Air Magic


You had 10 spell levels left.
You knew the following spells:

 Your Spells              Type           Power      Damage    Failure   Level
a - Tukima's Dance        Hex            30%        N/A       7%          3
e - Summon Lightning Spi  Summ/Air       12%        N/A       67%         4

Your spell library contained the following spells:

 Spells                   Type           Power      Damage    Failure   Level
 Sandblast                Erth           10%        2d5       21%         1
 Cause Fear               Hex            15%        N/A       21%         4
 Static Discharge         Conj/Air       16%        3-4/arc   22%         2
 Passwall                 Erth           5%         N/A       47%         3
 Stone Arrow              Conj/Erth      10%        3d7       47%         3
 Anguish                  Hex/Necr       9%         N/A       50%         4
 Airstrike                Air            5%         2d(1-17)  69%         4
 Brom's Barrelling Bould  Conj/Erth      5%         2d3       86%         4
 Iskenderun's Mystic Bla  Conj/Tloc      5%         2d3       86%         4
 Enfeeble                 Hex            15%        N/A       100%        7
 Dimensional Bullseye     Hex/Tloc       Unusable   N/A       N/A         4

Dungeon Overview and Level Annotations

Branches:
Dungeon (10/15)            Temple (1/1) D:4             Orc (0/2) D:9
   Lair: D:8-11

Altars:
Ashenzari
Cheibriados
Dithmenos
Elyvilon
Fedhas
Gozag
Hepliaklqana
Kikubaaqudgha
Makhleb
Nemelex Xobeh
Okawaru
Qazlal
Ru
Sif Muna
Trog
Uskayaw
Vehumet
Wu Jian
Xom
Yredelemnul
Zin
The Shining One

Shops:
D:5 :

Annotations:
D:6 3 runed translucent doors, avangion's ghost, amateur DECj
D:9 Josephine


Innate Abilities, Weirdness & Mutations

You have sharp claws.
You have razor-sharp teeth.
You have supernaturally acute eyesight. (SInv)
You are covered in thick fur. (AC +2)
Your paws help you pounce on unaware monsters.
You are incapable of wielding weapons or throwing items.
You cannot wear armour.
You gain extra lives every three experience levels.
Your flesh is cold resistant. (rC+)
You do not regenerate when monsters are visible.
Your spells are a little harder to cast, but a little more powerful.


Message History

A nameless horror comes into view.
Josephine misses you. The wraith misses you. The wraith barely misses you.
Casting: Summon Lightning Spire (extremely dangerous; 67% risk of failure)
Confirm with . or Enter, or press ? or * to list all spells.
You miscast Summon Lightning Spire.
Nothing appears to happen.
Josephine hits you with a +1 dagger of venom.
You are poisoned.
The wraith misses you. The wraith completely misses you.
Casting: Summon Lightning Spire (extremely dangerous; 67% risk of failure)
Confirm with . or Enter, or press ? or * to list all spells.
An electric hum fills the air.
You feel sick. Josephine completely misses you. The wraith misses you. x2
The nameless horror hits your lightning spire.
You feel sick.
Josephine barely misses your lightning spire.
The wraith hits your lightning spire.
The nameless horror barely misses your lightning spire.
What are your orders? t - Meow!
Orders for allies: a - Attack new target. r - Retreat! s - Stop attacking. g - Guard the area. f - Follow me.
Anything else - Cancel.
Gang up on whom?
Press: ? - help, Dir - move target, f - nameless horror
Aim: a nameless horror (durably summoned) Attack!
You feel sick.
Josephine hits your lightning spire with a +1 dagger of venom.
Your lightning spire is destroyed!
Your lightning spire disappears in a puff of smoke!
The wraith barely misses you.
You feel sick.
You feel sick. The wraith hits you!
You feel sick.
Josephine gestures at you while chanting.
The ghostly flame explodes!
The ghostly fireball engulfs you!!
You feel drained.
Ouch! That really hurt!
You die...
Your body crumbles into a pile of gold.

####### #### #.....#
...# #.....# ...#######
#..W..#
.........#########W.@..#
...#####......)........#
...# #########@.X....#
##.# #...#.....# #.#
#####.###.....# #...
#.....# #.....# ###.#
##.##### #######
#..###..# #.....##
#.o#### #....#


You could see Josephine, a nameless horror and 2 wraiths.

Vanquished Creatures
  A troll (D:9)
  2 ice beasts
  An orc warrior (D:7)
  2 black bears
  An ogre (D:6)
  2 centaurs
  3 phantoms
  2 gnoll sergeants
  2 scorpions (D:6)
  2 wights (D:7)
  A killer bee (D:9)
  A vampire bat (D:3)
  5 howler monkeys
  3 bombardier beetles
  2 gnoll boudas (D:8)
  4 hounds
  5 orc priests
  Jessica (D:3)
  5 orc wizards
  2 sleepcaps
  3 iguanas
  Natasha (thrice) (D:2)
  8 adders
  11 gnolls
  A shadow imp (D:6)
  4 white imps
  2 ufetubi (D:6)
  4 ribbon worms
  4 dart slugs
  3 fire bats (D:3)
  22 orcs
  2 spectral bats (D:3)
  3 bat skeletons (D:3)
  A bat zombie (D:3)
  7 endoplasms
  A giant cockroach (D:2)
  6 goblins
  4 hobgoblins
  5 kobolds
  3 quokkas
  4 ball pythons
  14 bats
  A bat simulacrum (D:3)
  5 frilled lizards
  2 rats
170 creatures vanquished.

Vanquished Creatures (collateral kills)
  An orc warrior (D:8)
  3 wights (D:7)
  2 orc priests
  4 gnolls (D:8)
  3 orcs
13 creatures vanquished.

Vanquished Creatures (others)
  13 dancing weapons
13 creatures vanquished.

Grand Total: 196 creatures vanquished

Notes
Turn   | Place    | Note
-------+----------+-------------------------------------------
     0 | D:5      | croobank the Felid Delver began the quest for the Orb.
     0 | D:5      | Reached XP level 1. HP: 12/12 MP: 2/2
    13 | D:6      | Noticed an ogre
    15 | D:6      | Killed an ogre
    16 | D:6      | Reached skill level 7 in Stealth
    16 | D:6      | Reached XP level 2. HP: 16/16 MP: 3/3
    16 | D:6      | Reached XP level 3. HP: 20/20 MP: 4/4
    16 | D:6      | Reached XP level 4. HP: 24/24 MP: 5/5
    16 | D:6      | Gained a life (2 lives remaining)
    83 | D:7      | Reached skill level 8 in Stealth
    83 | D:7      | Reached XP level 5. HP: 29/29 MP: 6/6
   178 | D:5      | Found Liydim's Vocational Training.
   178 | D:5      | Noticed a black bear
   181 | D:5      | Killed a black bear
   275 | D:4      | Noticed a phantom
   296 | D:3      | Found a broken altar of Ashenzari.
   300 | D:3      | Gained mutation: You are covered in thick fur. (AC +2)
                  | [Felid growth]
   300 | D:3      | Reached XP level 6. HP: 30/33 MP: 7/7
   524 | D:3      | Killed from afar by an orc priest
   524 | D:3      | Lost a life (1 life remaining)
  1655 | D:2      | Noticed Natasha
  1659 | D:2      | Killed Natasha
  1867 | D:2      | Noticed Natasha
  1877 | D:2      | Killed Natasha
  1878 | D:2      | Reached skill level 9 in Stealth
  2143 | D:2      | Noticed Natasha
  2157 | D:2      | Killed Natasha
  2709 | D:3      | Found a sparkling altar of Nemelex Xobeh.
  2717 | D:3      | Found a hide-covered altar of Uskayaw.
  2870 | D:3      | Reached skill level 5 in Dodging
  3077 | D:3      | Reached XP level 7. HP: 36/38 MP: 8/8
  3077 | D:3      | Gained a life (2 lives remaining)
  3200 | D:3      | Noticed Jessica
  3208 | D:3      | Killed Jessica
  3501 | D:3      | Killed from afar by an orc priest
  3501 | D:3      | Lost a life (1 life remaining)
  4083 | D:4      | Found a staircase to the Ecumenical Temple.
  4092 | Temple   | Entered the Ecumenical Temple
  4126 | Temple   | Became a worshipper of Gozag Ym Sagoz the Greedy
  4595 | D:5      | Reached skill level 10 in Stealth
  4610 | D:5      | Reached skill level 5 in Fighting
  4850 | D:5      | Reached XP level 8. HP: 37/43 MP: 9/9
  5203 | D:5      | Found a hazy altar of Hepliaklqana.
  5348 | D:5      | Reached skill level 5 in Unarmed Combat
  6452 | D:6      | Found a runed translucent gate.
  6452 | D:6      | Found a runed translucent gate.
  6452 | D:6      | Found a runed translucent gate.
  6456 | D:6      | Noticed avangion's ghost (amateur DECj)
  7085 | D:7      | Reached XP level 9. HP: 49/49 MP: 10/10
  7204 | D:7      | Learned a level 3 spell: Tukima's Dance
  7544 | D:7      | Reached skill level 1 in Hexes
  8210 | D:8      | Reached skill level 1 in Spellcasting
  8935 | D:8      | Noticed a two-headed ogre
  9229 | D:7      | Found a sacrificial altar of Ru.
  9941 | D:7      | Found a basalt altar of Yredelemnul.
  9941 | D:7      | Found a glowing golden altar of the Shining One.
  9954 | D:7      | Noticed an angel
  9960 | D:7      | Noticed a profane servitor
 10017 | D:8      | Learned a level 4 spell: Summon Lightning Spire
 10150 | D:8      | Reached skill level 5 in Hexes
 10415 | D:9      | Found a staircase to the Orcish Mines.
 10421 | D:9      | Noticed a two-headed ogre
 10421 | D:9      | Noticed a troll
 10422 | D:10     | Entered Level 10 of the Dungeon
 10455 | D:9      | Identified the +1 short sword of the Lonely Runes {elec,
                  | rPois rF- MP+9 Dex+8}
 10457 | D:9      | Reached skill level 1 in Summonings
 10458 | D:9      | Noticed a troll
 10461 | D:9      | Killed a troll
 10462 | D:9      | Reached skill level 1 in Air Magic
 10463 | D:9      | Gained mutation: You do not regenerate when monsters are
                  | visible. [potion of mutation]
 10463 | D:9      | Gained mutation: Your spells are a little harder to cast,
                  | but a little more powerful. [potion of mutation]
 10463 | D:9      | Gained mutation: Your flesh is cold resistant. (rC+)
                  | [potion of mutation]
 10475 | D:9      | Mangled by a troll
 10475 | D:9      | Lost a life (0 lives remaining)
 10556 | D:10     | Noticed Josephine
 10567 | D:9      | Killed from afar by Josephine

Illustrated notes

Levels and vault maps discovered:
D:1:      dpeg_arrival_shrine, layout_basic
D:2:      layout_loops_corners, grunt_ministairs_12, minmay_between,
          uniq_natasha
D:3:      layout_loops_ring, nicolae_ashenzari_skybound,
          mainiacjoe_overflow_big_doors, corexii_hall_statues_l, goddamned_bats,
          uniq_jessica
D:4:      layout_loops_cross, minmay_temple_entry_poolview, due_unseen_surprise
D:5:      layout_loops_ring, kennysheep_mini_moat, kennysheep_cross_bottleneck,
          nicolae_shop_vocational
D:6:      layout_loops_ring, gammafunk_ghost_necromancy, serial_bayou_pond_e,
          grunt_ministairs_7
D:7:      nicolae_cairo_tiling_large, layout_loops_cross,
          grunt_temple_overflow_holy_war, nicolae_ru_great_annihilating_truth
D:8:      layout_loops_ring, dk_rats_in_the_wall
D:9:      layout_rooms, david_orc_3, serial_shops, shop, grunt_ministairs_14,
          hex_intersection, glass_columns_a, uniq_grum
D:10:     layout_roguey, lair_entry_dummy, serial_ice, serial_ice_h,
          serial_ice_i, serial_ice_a, serial_ice_f, serial_ice_n, serial_ice_m,
          serial_ice_g, serial_ice_o, uniq_josephine
Temple:   nicolae_temple_superstar

Skill      XL: |  1  2  3  4  5  6  7  8  9 |
---------------+----------------------------+-----
Dodging        | 3 4 5 6 8 |  8.3
Stealth        | 7 8 9 10 | 10.0
Unarmed Combat | 3 4 6 |  6.4
Fighting       | 4 5 6 |  6.8
Hexes          | 5 |  5.4
Spellcasting   | 4 |  4.6
Summonings     | 1 |  1.5
Air Magic      | 1 |  1.3

Action                     |  1- 3 |  4- 6 |  7- 9 || total
---------------------------+-------+-------+-------++-------
  Melee: Unarmed           |     1 |   202 |   478 ||   681
         Bite              |       |    16 |    56 ||    72
         Punch             |       |     4 |    23 ||    27
   Cast: Tukima's Dance    |       |       |    44 ||    44
         Summon Lightning  |       |       |     2 ||     2
  Evoke: Wand              |       |       |     2 ||     2
    Use: Scroll            |       |     7 |    18 ||    25
         Potion            |       |     1 |     9 ||    10
   Stab: Sleeping          |     1 |    22 |    21 ||    44
         Distracted        |       |       |     2 ||     2
         Paralysed         |       |       |     1 ||     1
 Armour: Skin              |       |    79 |   189 ||   268
  Dodge: Dodged            |     1 |   196 |   446 ||   643

Table legend: (Time is in decaauts)
 A = Elapsed time spent in this place.
 B = Non-inter-level travel time spent in this place.
 C = Inter-level travel time spent in this place.
 D = Time resting spent in this place.
 E = Time spent auto-exploring this place.
 F = Levels seen in this place.
 G = Mean time per level.
                   A        B        C        D        E       F      G
               +--------+--------+--------+--------+--------+-----+--------+
         Total |  10500 |   9962 |    538 |   3111 |   4506 |  11 |  954.5 |
       Dungeon |  10431 |   9960 |    471 |   3111 |   4506 |  10 | 1043.1 |
        Temple |     68 |      1 |     67 |      0 |      0 |   1 |   68.0 |
               +--------+--------+--------+--------+--------+-----+--------+

Top non-repeatable levels by time:
     D:8: 1871 daAuts
     D:7: 1577 daAuts
     D:6: 1480 daAuts
     D:2: 1420 daAuts
     D:3: 1390 daAuts
     D:5: 1112 daAuts
     D:4: 738 daAuts
     D:1: 660 daAuts
     D:9: 154 daAuts
  Temple: 68 daAuts
    D:10: 25 daAuts
